ABL
ST. GEORGE DRAGONS @ COLLINGWOOD MAGPIES
07/12/2022
 
TOP OF THE 1ST
St. George Dragons batting - Pitching for Collingwood Magpies : RHP Frazer Tarapu
Pitching: RHP Frazer Tarapu
Batting: RHB Frank Scott 0-0: Called Strike
0-1: Called Strike
0-2: Foul Ball, location: 2F
0-2: Ball
1-2: Ball
2-2: Ball
3-2: Ground out 1-3 (Groundball, 15S, EV 68.1 MPH)
Batting: RHB Jason Pearce 0-0: Swinging Strike
0-1: Foul Ball, location: 25F
0-2: Ball
1-2: Ball
2-2: Strikes out swinging, 2-3 out at first.
Batting: SHB Darren Sabin 0-0: Ball
1-0: Ball
2-0: Called Strike
2-1: Ball
3-1: Called Strike
3-2: Ground out U3 (Groundball, 3, EV 100.0 MPH)
Top of the 1st over - 0 runs, 0 hits, 0 errors, 0 left on base; St. George 0 - Collingwood 0
BOTTOM OF THE 1ST
Collingwood Magpies batting - Pitching for St. George Dragons : LHP Regin Johnston
Pitching: LHP Regin Johnston
Batting: RHB Sinbad Trounson 0-0: Called Strike
0-1: Called Strike
0-2: Ball
1-2: Foul Ball, location: 25F
1-2: Foul Ball, location: 9LMF
1-2: Ground out 6-3 (Groundball, 56D, EV 86.3 MPH)
Batting: RHB Bradly Acheson 0-0: Fly out, F8 (Flyball, 78D, EV 107.5 MPH)
Batting: SHB Colin Attoehow 0-0: Ball
1-0: Foul Ball, location: 2F
1-1: Ball
2-1: Ball
3-1: Foul Ball, location: 2F
3-2: SINGLE (Line Drive, 56D, EV 95.6 MPH)
Batting: RHB Kevin Camira 0-0: DOUBLE (Line Drive, 3D, EV 101.3 MPH)
Colin Attoehow to third
Runner from 3rd tries for Home, SAFE, throw by RF to trailing runner, SAFE at third!
Batting: RHB Jake Aggett 0-0: Ball
1-0: Called Strike
1-1: Ball
2-1: Foul Ball, location: 9LMF
2-2: Fly out, F9 (Flyball, 9LM, EV 97.5 MPH)
Bottom of the 1st over - 1 run, 2 hits, 0 errors, 1 left on base; St. George 0 - Collingwood 1
TOP OF THE 2ND
St. George Dragons batting - Pitching for Collingwood Magpies : RHP Frazer Tarapu
Batting: RHB Kris Crowe 0-0: Ball
1-0: Called Strike
1-1: Ball
2-1: Swinging Strike
2-2: Ball
3-2: Foul Ball, location: 7LDF
3-2: Base on Balls
Batting: LHB Lenny Pullen 0-0: Foul Ball, location: 3FF
0-1: Ball
1-1: Grounds into double play, 5-4-3 (Groundball, 5, EV 105.0 MPH)
Batting: LHB Ben Etheridge 0-0: Called Strike
0-1: Foul Ball, location: 2F
0-2: Strikes out swinging
Top of the 2nd over - 0 runs, 0 hits, 0 errors, 0 left on base; St. George 0 - Collingwood 1
BOTTOM OF THE 2ND
Collingwood Magpies batting - Pitching for St. George Dragons : LHP Regin Johnston
Batting: LHB Charlie Hodkinson 0-0: Ball
1-0: Ball
2-0: Called Strike
2-1: Ball
3-1: Foul Ball, location: 3SF
3-2: Ground out 4-3 (Groundball, 4M, EV 86.9 MPH)
Batting: RHB Don Bonfield 0-0: Called Strike
0-1: Called Strike
0-2: Strikes out swinging
Batting: LHB John Mitford 0-0: Foul Ball, location: 7LDF
0-1: Foul Ball, location: 25F
0-2: Ball
1-2: Foul Ball, location: 7LDF
1-2: Foul Ball, location: 5FF
1-2: Strikes out swinging
Bottom of the 2nd over - 0 runs, 0 hits, 0 errors, 0 left on base; St. George 0 - Collingwood 1
TOP OF THE 3RD
St. George Dragons batting - Pitching for Collingwood Magpies : RHP Frazer Tarapu
Batting: RHB Darron Matts 0-0: Ball
1-0: Foul Ball, location: 5F
1-1: DOUBLE (Line Drive, 3D, EV 100.0 MPH)
Batting: LHB Regin Johnston 0-0: Bunt - Flyout to 2R! F2
Batting: RHB Bill Orson 0-0: Called Strike
0-1: Called Strike
0-2: Strikes out swinging
Batting: RHB Frank Scott 0-0: Ball
1-0: Called Strike
1-1: Ball
2-1: Ball
Wild Pitch!
Darron Matts to third
3-1: Base on Balls
Batting: RHB Jason Pearce 0-0: Called Strike
0-1: Foul Ball, location: 23FF
0-2: Strikes out looking
Top of the 3rd over - 0 runs, 1 hit, 0 errors, 2 left on base; St. George 0 - Collingwood 1
BOTTOM OF THE 3RD
Collingwood Magpies batting - Pitching for St. George Dragons : LHP Regin Johnston
Batting: RHB Frazer Tarapu 0-0: Ball
1-0: Ball
2-0: Fly out, F8 (Flyball, 8LD, EV 99.4 MPH)
Batting: RHB Sinbad Trounson 0-0: Ball
1-0: Ball
2-0: Ball
3-0: Base on Balls
Batting: RHB Bradly Acheson 0-0: Swinging Strike
0-1: Ball
1-1: Swinging Strike
1-2: Strikes out swinging
Batting: SHB Colin Attoehow 0-0: Called Strike
Sinbad Trounson steals 2nd base
0-1: DOUBLE (Line Drive, 78D, EV 101.9 MPH)
Sinbad Trounson scores
Batting: RHB Kevin Camira 0-0: Ball
1-0: Foul Ball, location: 3DF
1-1: Called Strike
1-2: Foul Ball, location: 2F
1-2: Ball
2-2: Strikes out swinging
Bottom of the 3rd over - 1 run, 1 hit, 0 errors, 1 left on base; St. George 0 - Collingwood 2
TOP OF THE 4TH
St. George Dragons batting - Pitching for Collingwood Magpies : RHP Frazer Tarapu
Batting: SHB Darren Sabin 0-0: Foul Ball, location: 2F
0-1: Swinging Strike
0-2: SINGLE (Line Drive, 8LS, EV 85.6 MPH)
Batting: RHB Kris Crowe 0-0: Swinging Strike
0-1: Ball
1-1: Foul Ball, location: 2F
1-2: Ball
2-2: Ball
3-2: Grounds into double play, 6-4-3 (Groundball, 6, EV 87.5 MPH)
Batting: LHB Lenny Pullen 0-0: Called Strike
0-1: Ball
1-1: Called Strike
1-2: Ball
2-2: Foul Ball, location: 7LDF
2-2: Foul Ball, location: 2F
2-2: Foul Ball, location: 5F
2-2: Foul Ball, location: 5F
2-2: Ball
3-2: Base on Balls
Batting: LHB Ben Etheridge 0-0: Foul Ball, location: 3F
0-1: Called Strike
0-2: Ball
1-2: Fly out, F8 (Flyball, 8LM, EV 76.9 MPH)
Top of the 4th over - 0 runs, 1 hit, 0 errors, 1 left on base; St. George 0 - Collingwood 2
BOTTOM OF THE 4TH
Collingwood Magpies batting - Pitching for St. George Dragons : LHP Regin Johnston
Batting: RHB Jake Aggett 0-0: Ball
1-0: Ball
2-0: Ball
3-0: Called Strike
3-1: Swinging Strike
3-2: Base on Balls
Batting: LHB Charlie Hodkinson 0-0: Ball
1-0: Ball
2-0: Foul Ball, location: 2F
2-1: Foul Ball, location: 3DF
2-2: DOUBLE (Line Drive, 9LM, EV 105.6 MPH)
Jake Aggett to third
Batting: RHB Don Bonfield 0-0: Ball
1-0: Ball
Wild Pitch!
Jake Aggett scores
Charlie Hodkinson to third
2-0: Fly out, F7 (Line Drive, 7D, EV 83.8 MPH)
Runner from 3rd tags up, SCORES, throw by LF
Batting: LHB John Mitford 0-0: Called Strike
0-1: Ball
1-1: Foul Ball, location: 7LDF
1-2: Ball
2-2: Foul Ball, location: 3FF
2-2: SINGLE (Groundball, 6MD, EV 96.3 MPH)
Batting: RHB Frazer Tarapu 0-0: Sac Bunt to 5S - play at first, batter OUT! 5-4
John Mitford to second
Batting: RHB Sinbad Trounson 0-0: Ball
1-0: Ball
2-0: Ball
3-0: Called Strike
3-1: SINGLE (Line Drive, 3D, EV 94.4 MPH)
John Mitford to third
Runner from 3rd tries for Home, SAFE, throw by RF to home
Pitching: RHP Nicholas Harsnett
Batting: RHB Bradly Acheson 0-0: Ball
1-0: Ball
2-0: DOUBLE (Line Drive, 78D, EV 102.5 MPH)
Sinbad Trounson to third
Batting: SHB Colin Attoehow 0-0: Called Strike
0-1: Swinging Strike
0-2: Ball
1-2: Ball
2-2: Foul Ball, location: 9LMF
2-2: Ground out 5-3 (Groundball, 5L, EV 88.8 MPH)
Bottom of the 4th over - 3 runs, 4 hits, 0 errors, 2 left on base; St. George 0 - Collingwood 5
TOP OF THE 5TH
St. George Dragons batting - Pitching for Collingwood Magpies : RHP Frazer Tarapu
Batting: RHB Darron Matts 0-0: Ball
1-0: Ball
2-0: Called Strike
2-1: Foul Ball, location: 7LMF
2-2: Ball
3-2: Base on Balls
Batting: SHB Nicholas Harsnett 0-0: Called Strike
Darron Matts is caught stealing 2nd base 2-6
0-1: Ball
1-1: Ball
2-1: Ball
3-1: Base on Balls
Batting: RHB Bill Orson 0-0: Ball
1-0: Fly out, F8 (Flyball, 8LM, EV 86.9 MPH)
Batting: RHB Frank Scott 0-0: Ground out 1-3 (Groundball, 13S, EV 66.3 MPH)
Top of the 5th over - 0 runs, 0 hits, 0 errors, 1 left on base; St. George 0 - Collingwood 5
BOTTOM OF THE 5TH
Collingwood Magpies batting - Pitching for St. George Dragons : RHP Nicholas Harsnett
Batting: RHB Kevin Camira 0-0: Ground out 6-3 (Groundball, 4M, EV 103.1 MPH)
Batting: RHB Jake Aggett 0-0: SINGLE (Groundball, 4MD, EV 101.3 MPH)
Batting: LHB Charlie Hodkinson 0-0: Ball
1-0: Called Strike
1-1: Foul Ball, location: 2F
1-2: Fly out, F8 (Flyball, 8RXD, EV 98.8 MPH)
Batting: RHB Don Bonfield 0-0: Ball
1-0: Called Strike
1-1: Swinging Strike
1-2: Strikes out swinging
Bottom of the 5th over - 0 runs, 1 hit, 0 errors, 1 left on base; St. George 0 - Collingwood 5
TOP OF THE 6TH
St. George Dragons batting - Pitching for Collingwood Magpies : RHP Frazer Tarapu
Batting: RHB Jason Pearce 0-0: SINGLE (Groundball, 6MD, EV 100.0 MPH)
Batting: SHB Darren Sabin 0-0: Ball
Jason Pearce steals 2nd base
1-0: Ball
2-0: Ball
3-0: Called Strike
3-1: Fly out, F8 (Flyball, 8LS, EV 95.6 MPH)
Batting: RHB Kris Crowe 0-0: Fly out, F8 (Flyball, 8RD, EV 96.9 MPH)
Batting: LHB Lenny Pullen 0-0: Ball
1-0: Ball
2-0: Foul Ball, location: 3SF
2-1: Foul Ball, location: 23F
2-2: Strikes out looking
Top of the 6th over - 0 runs, 1 hit, 0 errors, 1 left on base; St. George 0 - Collingwood 5
BOTTOM OF THE 6TH
Collingwood Magpies batting - Pitching for St. George Dragons : RHP Nicholas Harsnett
Batting: LHB John Mitford 0-0: Called Strike
0-1: Ball
1-1: Ball
2-1: Ball
3-1: Swinging Strike
3-2: Base on Balls
Pinch Hitting: SHB Jim McIntosh 0-0: Ball
1-0: Called Strike
1-1: Fly out, F2 (Popup, 23F, EV 88.1 MPH)
Batting: RHB Sinbad Trounson 0-0: Swinging Strike
0-1: Ball
1-1: Ball
2-1: Ball
3-1: Single, Error in OF, E8, batter to second base (Line Drive, 8RS, EV 105.6 MPH)
John Mitford to third
Batting: RHB Bradly Acheson 0-0: Foul Ball, location: 5FF
0-1: Foul Ball, location: 9LSF
0-2: SINGLE (Line Drive, 7S, EV 105.6 MPH)
John Mitford scores
Sinbad Trounson to third
Pitching: RHP Chris Kirton
Batting: SHB Colin Attoehow 0-0: Ball
1-0: Fly out, F9 (Flyball, 89D, EV 76.3 MPH)
Runner from 3rd tags up, SCORES, throw by RF
Batting: RHB Kevin Camira 0-0: Ball
1-0: Swinging Strike
1-1: Foul Ball, location: 2F
1-2: Fly out, F8 (Flyball, 8LD, EV 84.4 MPH)
Bottom of the 6th over - 2 runs, 2 hits, 1 error, 1 left on base; St. George 0 - Collingwood 7
TOP OF THE 7TH
St. George Dragons batting - Pitching for Collingwood Magpies : RHP Frazer Tarapu
Pitching: RHP Ken Hart
Batting: LHB Ben Etheridge 0-0: Ground out 6-3 (Groundball, 6, EV 78.8 MPH)
Batting: RHB Darron Matts 0-0: Ball
1-0: Called Strike
1-1: Ball
2-1: Ball
3-1: Foul Ball, location: 9LDF
3-2: Fly out, F7 (Line Drive, 7LM, EV 102.5 MPH)
Batting: RHB Chris Kirton 0-0: Ball
1-0: Ground out U3 (Groundball, 34, EV 98.8 MPH)
Top of the 7th over - 0 runs, 0 hits, 0 errors, 0 left on base; St. George 0 - Collingwood 7
BOTTOM OF THE 7TH
Collingwood Magpies batting - Pitching for St. George Dragons : RHP Chris Kirton
Pinch Hitting: LHB Matt Gissing 0-0: Ball
1-0: Called Strike
1-1: Foul Ball, location: 2F
1-2: Foul Ball, location: 2F
1-2: Strikes out looking
Batting: LHB Charlie Hodkinson 0-0: Fly out, F9 (Flyball, 9, EV 88.8 MPH)
Batting: RHB Don Bonfield 0-0: Ground out 6-3 (Groundball, 6, EV 84.4 MPH)
Bottom of the 7th over - 0 runs, 0 hits, 0 errors, 0 left on base; St. George 0 - Collingwood 7
TOP OF THE 8TH
St. George Dragons batting - Pitching for Collingwood Magpies : RHP Ken Hart
Now at 1B: Matt Gissing
Batting: RHB Bill Orson 0-0: Called Strike
0-1: Called Strike
0-2: Strikes out swinging
Batting: RHB Frank Scott 0-0: Ball
1-0: Ball
2-0: Ball
3-0: Called Strike
3-1: DOUBLE (Line Drive, 9LM, EV 103.8 MPH)
Batting: RHB Jason Pearce 0-0: Foul Ball, location: 5F
0-1: Ball
1-1: Fly out, F9 (Flyball, 9, EV 93.1 MPH)
Batting: SHB Darren Sabin 0-0: Ball
1-0: Ground out 4-3 (Groundball, 34, EV 98.8 MPH)
Top of the 8th over - 0 runs, 1 hit, 0 errors, 1 left on base; St. George 0 - Collingwood 7
BOTTOM OF THE 8TH
Collingwood Magpies batting - Pitching for St. George Dragons : RHP Chris Kirton
Batting: LHB John Mitford 0-0: Ball
1-0: SINGLE (Groundball, 4MD, EV 105.0 MPH)
Pinch Hitting: RHB Jamie Heaman 0-0: Called Strike
0-1: Ball
1-1: Ball
2-1: Fielders Choice at 2nd, 4-6 (Groundball, 4M, EV 85.6 MPH)
Pinch Hitting: SHB Terry Caldwell 0-0: Swinging Strike
0-1: Ball
1-1: Fly out, F8 (Flyball, 8LM, EV 92.5 MPH)
Batting: RHB Bradly Acheson 0-0: Ball
1-0: Foul Ball, location: 9LSF
1-1: Ball
2-1: SINGLE (Line Drive, 4MD, EV 110.0 MPH)
Jamie Heaman to second
Runner from 2nd tries for 3rd, SAFE, throw by CF made to third
Batting: SHB Colin Attoehow 0-0: Called Strike
0-1: Foul Ball, location: 2F
0-2: Ball
1-2: Ball
2-2: Strikes out swinging
Bottom of the 8th over - 0 runs, 2 hits, 0 errors, 2 left on base; St. George 0 - Collingwood 7
TOP OF THE 9TH
St. George Dragons batting - Pitching for Collingwood Magpies : RHP Ken Hart
Pitching: RHP Landon Hebron
Now in LF: Terry Caldwell
Batting: RHB Kris Crowe 0-0: Ball
1-0: Foul Ball, location: 2F
1-1: Foul Ball, location: 2F
1-2: Foul Ball, location: 25FF
1-2: Fly out, F8 (Line Drive, 8RM, EV 102.5 MPH)
Batting: LHB Lenny Pullen 0-0: Ball
1-0: Called Strike
1-1: Ball
2-1: Called Strike
2-2: Ball
3-2: SINGLE (Line Drive, 78S, EV 90.6 MPH)
Batting: LHB Ben Etheridge 0-0: Fly out, F8 (Flyball, 78M, EV 88.8 MPH)
Batting: RHB Darron Matts 0-0: Called Strike
0-1: SINGLE (Line Drive, 6D, EV 95.0 MPH)
Lenny Pullen to second
Pinch Hitting: LHB Redford Crosse 0-0: Ball
1-0: SINGLE (Groundball, 56S, EV 64.4 MPH) (infield hit)
Lenny Pullen to third
Darron Matts to second
Batting: RHB Bill Orson 0-0: Ball
1-0: Swinging Strike
1-1: Fly out, F8 (Flyball, 8RM, EV 85.0 MPH)
Top of the 9th over - 0 runs, 3 hits, 0 errors, 3 left on base; St. George 0 - Collingwood 7
Thursday, May 2nd , 2024 - OOTP Baseball 24.9 Build 80